 Dungeon Crawl Stone Soup version 0.30.1-4-g462c640d31 (webtiles) character file.

Game seed: 5765205688136774387

128020 croobank the Tortoise (level 16, 0/235 HPs)
             Began as a Minotaur Fighter on Sept 15, 2023.
             Was the Champion of Trog.
             Killed from afar by a deep elf zephyrmancer (22 damage)
             ... with a bolt of lightning
             ... on level 1 of the Elven Halls.
             The game lasted 01:17:18 (30687 turns).

croobank the Tortoise (Minotaur Fighter)           Turns: 30687, Time: 01:17:18

Health: 0/235      AC: 32    Str: 31    XL:     16   Next: 47%
Magic:  15/15      EV:  2    Int:  4    God:    Trog [******]
Gold:   2338       SH: 22    Dex: 13    Spells: 15/15 levels left

rFire   . . .        a - +9 broad axe "Mublou Ruku" {flame, Will+ Stlth+}
rCold   + . .        m - +2 tower shield {rC+}
rNeg    . . .        W - melded +5 ring mail {rC+}
rPois   +            V - melded +0 hat {Int+3}
rElec   .            U - melded scarf {repulsion}
rCorr   .            Z - melded +2 pair of gloves
SInv    .            J - melded +1 pair of boots of Tiusch {rElec rF+ rCorr}
Will    ++++.        (no amulet)
Stlth   +++          i - +4 ring of protection
HPRegen 1.59/turn    o - +4 ring of slaying
MPRegen 0.14/turn

%: no passive effects
@: lethally poisoned (0 -> -3), tree-form, strong-willed, regenerating
A: stationary, stasis, torment immunity, boosted hp, (horns 2), (retaliatory
headbutt), thin skeletal structure 1, (fire resistance 1), strong 1
a: Renounce Religion, Berserk, Trog's Hand, Brothers in Arms


You were on level 1 of the Elven Halls.
You worshipped Trog.
Trog was exalted by your worship.
You were a tree.
You visited 5 branches of the dungeon, and saw 24 of its levels.
You also visited: Ice Cave.

You collected 2952 gold pieces.
You spent 614 gold pieces at shops.

Inventory:

Hand Weapons
 a - the +9 broad axe "Mublou Ruku" (weapon) {flame, Will+ Stlth+}
   (Trog gifted it to you on level 2 of the Orcish Mines)

   Will:      It increases your willpower.
   Stlth:     It makes you more stealthy.
 b - a +4 sling of flaming
 y - the +6 trident "Doduffur" {flame, rCorr Int+2}
   (You found it on level 5 of the Dungeon)

   Int:       It affects your intelligence (+2).
   rCorr:     It protects you from acid and corrosion.
 I - the +4 short sword "Wiafor" {holy, Fragile rC++ Int+2 Dex+4}
   (You found it on level 8 of the Dungeon)

   Int:       It affects your intelligence (+2).
   Dex:       It affects your dexterity (+4).
   rC:        It greatly protects you from cold.
   Fragile:   It will be destroyed if unequipped.
Missiles
 z - 2 throwing nets
 B - 23 boomerangs (quivered)
 E - 4 atropa-tipped darts
 K - 3 silver javelins
 S - 3 curare-tipped darts
 X - 7 javelins
Armour
 m - a +2 tower shield of cold resistance (worn)
 J - the +1 pair of boots of Tiusch (melded) {rElec rF+ rCorr}
   (You acquired it on level 11 of the Dungeon)

   rF:        It protects you from fire.
   rElec:     It insulates you from electricity.
   rCorr:     It protects you from acid and corrosion.
 P - a +2 scale mail of positive energy
 U - a scarf of repulsion (melded)
 V - a +0 hat of intelligence (melded)
 W - a +5 ring mail of cold resistance (melded)
 Z - a +2 pair of gloves (melded)
Jewellery
 i - a +4 ring of protection (left branch)
 o - a +4 ring of slaying (right branch)
 q - a ring of protection from cold
 s - a ring of see invisible
 A - a +5 ring of evasion
 G - a ring of fire
Wands
 d - a wand of polymorph (3)
 l - a wand of charming (2)
 n - a wand of digging (20)
 v - a wand of flame (38)
 N - a wand of roots (3)
 Y - a wand of mindburst (2)
Scrolls
 g - 2 scrolls of immolation
 k - 11 scrolls of teleportation
 t - 5 scrolls of silence
 x - 10 scrolls of identify
 H - 6 scrolls of vulnerability
 O - 2 scrolls of fog
Potions
 c - 3 potions of magic
 f - 3 potions of cancellation
 j - 2 potions of invisibility
 p - 11 potions of curing
 r - 5 potions of mutation
 u - 4 potions of berserk rage
 w - 5 potions of attraction
 C - 4 potions of flight
 F - 3 potions of ambrosia
 L - a potion of resistance
 M - a potion of might
 Q - 3 potions of lignification
 T - a potion of haste
Miscellaneous
 e - a phial of floods
 h - a box of beasts
 R - a tin of tremorstones (2/2)


   Skills:
 + Level 18.2 Fighting
 - Level 14.2(16.0) Axes
 - Level 12.0(14.9) Polearms
 + Level 18.2 Armour
 + Level 18.2 Shields


You had 15 spell levels left.
You didn't know any spells.
Your spell library contained the following spells:

 Spells                   Type           Power      Damage    Failure   Level
 Beastly Appendage        Tmut           0%         N/A       67%         1
 Wereblood                Tmut           0%         N/A       82%         2
 Spider Form              Tmut/Pois      0%         N/A       96%         3
 Fulminant Prism          Conj/Hex       0%         3d5       100%        4
 Arcjolt                  Conj/Air       0%         1d10      100%        5
 Freezing Cloud           Conj/Ice/Air   0%         6-21      100%        5
 Conjure Ball Lightning   Conj/Air       0%         3x3d6     100%        6


Dungeon Overview and Level Annotations

Branches:
Dungeon (15/15)            Temple (1/1) D:5            Lair (5/5) D:10
 Shoals (0/4) Lair:3       Spider (0/4) Lair:2        Slime (0/5) Lair:4
    Orc (2/2) D:12            Elf (1/3) Orc:2        Vaults (0/5) D:14
 Depths (0/4) D:15          IceCv (visited)

Altars:
Ashenzari
Cheibriados
Dithmenos
Elyvilon
Fedhas
Gozag
Hepliaklqana
Kikubaaqudgha
Makhleb
Nemelex Xobeh
Okawaru
Qazlal
Ru
Sif Muna
Trog
Uskayaw
Vehumet
Wu Jian
Xom
Yredelemnul
Zin
The Shining One
Jiyva

Shops:
D:9 (   D:12 (   Orc:2 (:[*

Annotations:
D:4 2 transporters, Wiggles's ghost, amateur MiBe
D:9 exclusion: obsidian statue
Lair:1 2 transporters
Lair:2 1 runed translucent door, Kazon's ghost, journeyman VSBr
Lair:5 exclusion: obsidian statue
Elf:1 Louise


Innate Abilities, Weirdness & Mutations

You are a tree.
Your roots penetrate the ground, keeping you stationary.
You cannot be teleported.
You are immune to unholy pain and torment.
Your maximum health is greatly increased.
Your equipment is partially melded.
((You have a pair of horns on your head.))
((You reflexively headbutt those who attack you in melee.))
You have a somewhat thin skeletal structure. (Dex +2, Stealth+)
((Your flesh is heat resistant. (rF+)))
Your muscles are strong. (Str +4, Int/Dex -1)


Message History

You block the fire elemental's attack.
The +4 dire flail of venom hits you but does no damage.
The deep elf zephyrmancer hits you but does no damage.
The deep elf pyromancer hits you but does no damage.
The deep elf zephyrmancer points at you and mumbles some strange words.
The bolt of lightning hits the fire elemental.
The fire elemental resists.
The fire elemental is destroyed!
The fire elemental disappears in a puff of smoke!
The bolt of lightning hits you!
* * * LOW HITPOINT WARNING * * *
The bolt of lightning hits the +4 dire flail of venom.
The +4 dire flail of venom completely resists.
The bolt of lightning hits the +4 dire flail of venom.
The +4 dire flail of venom completely resists.
Louise mumbles some strange words.
Louise blinks!
The fire elemental completely misses you.
The fire elemental hits you. The fire elemental burns you!
* * * LOW HITPOINT WARNING * * *
You block the +2 mace of protection's attack.
You hear a shout! x2
You miss the +4 dire flail of venom.
The +4 dire flail of venom is almost destroyed.
You slash the deep elf zephyrmancer! You burn the deep elf zephyrmancer.
You slash the deep elf pyromancer! You burn the deep elf pyromancer.
You kill the deep elf pyromancer!
Trog accepts your kill.
Trog appreciates your killing of a magic user.
The fire elemental disappears in a puff of smoke! x3
You slash the +2 mace of protection! You slice the fire elemental!!
You destroy the fire elemental!
The fire elemental disappears in a puff of smoke!
You barely miss the fire elemental.
You feel very sick.
The +4 dire flail of venom hits you but does no damage.
You block the +2 mace of protection's attack.
The deep elf zephyrmancer casts a spell at you.
The bolt of lightning hits you!!
You die...

... #............#
.... #............#
..... #............#
.....e##..)).).).)<.#
.....°)@....).).....#
....○...e############
...........#.#§#.#
....##.#.()#§#(#'#...
... #.#..@e§♣)§§....
.. #.#...eEe(##.... .
#.#.......# .
#.##....$.#
#......##.#.
...#..### .#.#
##.#....# .#.#
.#..... ....


You could see Louise, a deep elf pyromancer, 2 deep elf zephyrmancers, a fire
elemental (summoned) and 2 dancing weapons.

Vanquished Creatures
  Gastronok (Lair:2)
  An orc warlord (Orc:2)
  A reaper (IceCv)
  A stone giant (Orc:2)
  Nessos (D:15)
  A dire elephant (Lair:5)
  3 ettins
  An entropy weaver (shapeshifter) (D:11)
  Josephine (D:15)
  A vault guard (D:14)
  2 ogre magi
  A catoblepas (Lair:5)
  7 hydras
  Erica (D:11)
  5 centaur warriors
  3 boulder beetles
  2 death knights (D:14)
  A tengu warrior (D:15)
  11 two-headed ogres
  An orc high priest (Elf:1)
  2 death yaks (Lair:5)
  Sonja (D:11)
  Urug (Lair:3)
  Amaemon (D:11)
  A deep elf knight (Elf:1)
  Nergalle (Lair:3)
  2 skysharks
  9 skeletal warriors
  4 wizards
  6 deep elf zephyrmancers (Elf:1)
  A phantasmal warrior (D:14)
  4 orc knights
  Pikel (D:7)
  5 necromancers
  5 deep elf pyromancers
  2 manticores (D:14)
  8 orc sorcerers
  An oklob plant (Lair:1)
  A shining eye (shapeshifter) (Elf:1)
  15 cyclopes
  6 ugly things
  A dire elephant zombie (Lair:5)
  3 centaur zombies (D:15)
  30 elephants
  A merfolk siren (Lair:3)
  4 black mambas
  A dire elephant skeleton (Lair:5)
  Joseph (Lair:1)
  2 naga magi (D:15)
  An ice statue (IceCv)
  An orange demon (D:11)
  10 cane toads
  A kobold demonologist (D:7)
  2 rime drakes
  A centaur skeleton (D:15)
  An efreet (D:14)
  9 komodo dragons
  A yaktaur (D:14)
  3 unseen horrors (D:11)
  An anaconda simulacrum (IceCv)
  A freezing wraith (D:14)
  3 meliai (D:15)
  9 trolls
  4 polar bears (Lair:3)
  A hornet (D:10)
  A meliai zombie (D:15)
  A spectral elephant (Lair:5)
  13 blink frogs
  17 slime creatures
  A centaur simulacrum (D:13)
  3 dire elephant simulacra
  Sigmund (D:3)
  2 shadows
  3 vampires
  12 wraiths
  Eustachio (D:4)
  A fire elemental (Elf:1)
  32 yaks
  7 basilisks
  7 wyverns
  19 humans (D:14)
  A human (shapeshifter) (D:15)
  3 steam dragons
  5 vampire mosquitoes
  5 wargs
  A death yak simulacrum (IceCv)
  4 acid dragons
  13 water moccasins
  4 sky beasts
  26 orc warriors
  2 ice beasts
  4 black bears
  An elephant zombie (Lair:5)
  3 boggarts (D:15)
  An elephant skeleton (Lair:5)
  8 ogres
  6 wolves
  7 centaurs
  2 lemures (D:7)
  A kobold brigand (D:10)
  15 bullfrogs
  2 gnoll sergeants
  5 two-headed ogre simulacra (IceCv)
  10 scorpions
  3 cane toad simulacra
  19 wights
  3 elephant simulacra (IceCv)
  12 killer bees
  4 howler monkeys
  2 electric eels
  14 orc priests
  A gnoll bouda (D:7)
  2 hounds
  3 jellies
  3 iguanas (D:5)
  4 sleepcaps
  28 orc wizards
  A polar bear simulacrum (IceCv)
  4 troll simulacra (IceCv)
  4 spriggan simulacra (IceCv)
  A wolf simulacrum (IceCv)
  17 gnolls
  3 naga simulacra (IceCv)
  17 adders
  11 white imps
  8 ufetubi
  4 worms
  A dart slug (D:5)
  73 orcs
  6 endoplasms
  7 giant cockroaches
  9 goblins
  12 hobgoblins
  8 jackals
  14 kobolds
  2 quokkas
  9 ball pythons
  8 bats
  7 frilled lizards
  4 rats
793 creatures vanquished.

Vanquished Creatures (collateral kills)
  3 dire elephants (Lair:5)
  A vault guard (D:14)
  2 two-headed ogres (D:12)
  A spectral anaconda (Lair:5)
  A wizard (D:14)
  A slime creature (D:12)
  A necromancer (Lair:5)
  2 yaks (Lair:3)
  A death yak simulacrum (IceCv)
  An elephant simulacrum (IceCv)
  A naga simulacrum (IceCv)
15 creatures vanquished.

Vanquished Creatures (others)
  A hornet (D:10)
1 creature vanquished.

Grand Total: 809 creatures vanquished

Notes
Turn   | Place    | Note
-------+----------+-------------------------------------------
     0 | D:1      | croobank the Minotaur Fighter began the quest for the Orb.
     0 | D:1      | Reached XP level 1. HP: 19/19 MP: 0/0
   310 | D:1      | Reached XP level 2. HP: 27/27 MP: 1/1
   962 | D:2      | Reached XP level 3. HP: 33/33 MP: 2/2
  1084 | D:2      | Reached XP level 4. HP: 41/41 MP: 3/3
  1241 | D:2      | Got the Vellum of the Eleven Hells
  1248 | D:2      | Reached XP level 5. HP: 42/47 MP: 4/4
  1615 | D:3      | Noticed Sigmund
  1623 | D:3      | Killed Sigmund
  1624 | D:3      | Reached skill level 5 in Fighting
  1624 | D:3      | Reached skill level 5 in Armour
  1624 | D:3      | Reached skill level 5 in Shields
  1624 | D:3      | Reached XP level 6. HP: 39/56 MP: 5/5
  2008 | D:3      | Found a faded altar of an unknown god.
  2105 | D:3      | Found a radiant altar of Vehumet.
  2279 | D:3      | Reached XP level 7. HP: 45/62 MP: 6/6
  2282 | D:3      | Reached skill level 5 in Axes
  3147 | D:4      | Noticed Eustachio
  3173 | D:4      | Killed Eustachio
  3500 | D:4      | Reached XP level 8. HP: 66/71 MP: 7/7
  3611 | D:4      | Found a transporter.
  3641 | D:4      | Found a transporter.
  3653 | D:4      | Noticed Wiggles's ghost (amateur MiBe)
  3981 | D:5      | Entered Level 5 of the Dungeon
  4289 | D:5      | Found a staircase to the Ecumenical Temple.
  4450 | Temple   | Entered the Ecumenical Temple
  4498 | Temple   | Became a worshipper of Trog the Wrathful
  4785 | D:5      | Identified the +6 trident "Doduffur" {flame, rCorr Int+2}
  4845 | D:5      | Found a white marble altar of Elyvilon.
  4851 | D:5      | Found a snail-covered altar of Cheibriados.
  4854 | D:5      | Found a hazy altar of Hepliaklqana.
  4854 | D:5      | Found a hide-covered altar of Uskayaw.
  4864 | D:5      | Found a sparkling altar of Nemelex Xobeh.
  5092 | D:6      | Identified the +9 rapier of Repnos {heavy, Dex+3}
  5305 | D:6      | Reached XP level 9. HP: 64/81 MP: 8/8
  5362 | D:6      | Noticed a troll
  5376 | D:6      | Killed a troll
  6086 | D:7      | Noticed Pikel
  6096 | D:7      | Killed Pikel
  6365 | D:7      | Reached * piety under Trog
  6370 | D:7      | Noticed a centaur warrior
  6376 | D:7      | Killed a centaur warrior
  6377 | D:7      | Reached XP level 10. HP: 56/91 MP: 9/9
  6626 | D:7      | Noticed a five-headed hydra
  7100 | D:7      | Noticed a two-headed ogre
  7118 | D:7      | Killed a two-headed ogre
  7119 | D:7      | Reached skill level 10 in Fighting
  7119 | D:7      | Reached skill level 10 in Armour
  7119 | D:7      | Reached skill level 10 in Shields
  7144 | D:7      | Reached ** piety under Trog
  7155 | D:7      | Noticed a sixfirhy
  7156 | D:7      | Reached skill level 10 in Axes
  8124 | D:7      | Found a shadowy altar of Dithmenos.
  8154 | D:7      | Killed a five-headed hydra
  8436 | D:7      | Reached XP level 11. HP: 95/101 MP: 10/10
  8796 | D:8      | Found a bloodstained altar of Trog.
  8907 | D:8      | Found a shadowy altar of Dithmenos.
  9310 | D:8      | Identified the +4 short sword "Wiafor" {holy, Fragile rC++
                  | Int+2 Dex+4}
  9336 | D:8      | Reached *** piety under Trog
  9372 | D:8      | Noticed a skeletal warrior
  9381 | D:8      | Killed a skeletal warrior
  9383 | D:8      | Found the +5 scythe "Finisher" {speed, execute}
  9553 | D:9      | Found Wiuwiker's Antique Weapon Shoppe.
  9668 | D:9      | Bought a runed war axe for 149 gold pieces
  9687 | D:9      | Reached skill level 1 in Polearms
  9964 | D:9      | Noticed an obsidian statue
  9964 | D:9      | Noticed a boulder beetle
  9965 | D:9      | Noticed a soul eater
  9991 | D:9      | Killed a boulder beetle
 11062 | D:10     | Entered Level 10 of the Dungeon
 11220 | D:10     | Reached skill level 5 in Polearms
 11331 | D:10     | Paralysed by a hornet for 1 turns
 11589 | D:10     | Found a staircase to the Lair.
 11664 | D:10     | Reached **** piety under Trog
 11692 | D:10     | Reached XP level 12. HP: 78/112 MP: 11/11
 12307 | D:10     | You fall into a shaft and drop 1 floor!
 12324 | D:11     | Noticed Erica
 12333 | D:11     | Killed Erica
 12536 | D:11     | Noticed Sonja
 12555 | D:11     | Killed Sonja
 13041 | D:11     | Noticed a two-headed ogre
 13177 | D:11     | Killed a two-headed ogre
 13692 | D:11     | Noticed Amaemon
 13700 | D:11     | Killed Amaemon
 13709 | D:11     | Noticed a two-headed ogre
 14064 | D:11     | Killed a two-headed ogre
 14097 | D:11     | Noticed an entropy weaver
 14111 | D:11     | Killed an entropy weaver
 14451 | D:11     | Identified a scroll of acquirement
 14451 | D:11     | Acquired the +1 pair of boots of Tiusch {rElec rF+ rCorr}
 14535 | D:12     | Found Onyedias's Antique Weapon Emporium.
 14642 | D:12     | Found a staircase to the Orcish Mines.
 14665 | D:12     | Noticed a two-headed ogre
 14670 | D:12     | Killed a two-headed ogre
 15212 | D:12     | Reached skill level 10 in Polearms
 15480 | D:12     | Reached XP level 13. HP: 112/122 MP: 12/12
 16415 | Lair:1   | Entered Level 1 of the Lair of Beasts
 16424 | Lair:1   | Found a transporter.
 16616 | Lair:1   | Found a transporter.
 16873 | Lair:1   | Found a blossoming altar of Fedhas.
 17062 | Lair:1   | Noticed Joseph
 17072 | Lair:1   | Killed Joseph
 17649 | Lair:2   | Found a hole to the Spider Nest.
 17666 | Lair:2   | Found a runed translucent door.
 17666 | Lair:2   | Found a shimmering altar of Xom.
 17666 | Lair:2   | Noticed Kazon's ghost (journeyman VSBr)
 17667 | Lair:2   | Identified the +1 glaive "Tycyon" {chaos, Drain rF++}
 17681 | Lair:2   | Noticed Gastronok
 17696 | Lair:2   | Killed Gastronok
 18010 | Lair:2   | Noticed Nergalle
 18033 | Lair:3   | Killed Nergalle
 18055 | Lair:3   | Noticed Urug
 18065 | Lair:3   | Killed Urug
 18560 | Lair:3   | Found a frozen archway.
 18600 | IceCv    | Entered an ice cave
 19040 | IceCv    | Reached ***** piety under Trog
 19304 | IceCv    | Noticed a reaper
 19322 | IceCv    | Killed a reaper
 19325 | IceCv    | Reached XP level 14. HP: 49/133 MP: 13/13
 20527 | Lair:3   | Found a staircase to the Shoals.
 20889 | Lair:4   | Found a staircase to the Slime Pits.
 20889 | Lair:4   | Found a viscous altar of Jiyva.
 21650 | Lair:5   | Entered Level 5 of the Lair of Beasts
 21825 | Lair:5   | Reached skill level 15 in Armour
 21832 | Lair:5   | Reached skill level 15 in Fighting
 21833 | Lair:5   | Reached skill level 15 in Shields
 22350 | Lair:5   | Received a gift from Trog
 23235 | Lair:5   | Reached XP level 15. HP: 143/143 MP: 14/14
 25476 | Orc:1    | Entered Level 1 of the Orcish Mines
 25636 | Orc:2    | Entered Level 2 of the Orcish Mines
 25636 | Orc:2    | Found a staircase to the Elven Halls.
 25649 | Orc:2    | Found Ydiqyerph's General Store.
 25943 | Orc:2    | Gained mutation: You are vulnerable to heat. (rF-) [a
                  | neqoxec]
 25949 | Orc:1    | Lost mutation: You are vulnerable to heat. (rF-) [potion of
                  | mutation]
 25949 | Orc:1    | Gained mutation: Your muscles are strong. (Str +4, Int/Dex
                  | -1) [potion of mutation]
 25949 | Orc:1    | Gained mutation: You have a somewhat thin skeletal
                  | structure. (Dex +2, Stealth+) [potion of mutation]
 25949 | Orc:1    | Gained mutation: Your flesh is heat resistant. (rF+)
                  | [potion of mutation]
 26480 | Orc:2    | Identified the +9 broad axe "Mublou Ruku" {flame, Will+
                  | Stlth+} (Trog gifted it to you on level 2 of the Orcish
                  | Mines)
 26480 | Orc:2    | Received a gift from Trog
 26483 | Orc:2    | Found Wulatsei's Book Boutique.
 26613 | Orc:1    | Reached ****** piety under Trog
 26674 | Orc:1    | Found a shimmering blue altar of Sif Muna.
 27039 | Orc:2    | Found Tantomn's Antique Armour Boutique.
 27048 | Orc:2    | Bought a glowing scarf for 240 gold pieces
 27053 | Orc:2    | Bought a glowing cloak for 225 gold pieces
 27280 | Orc:2    | Found Zesagiz's Antique Weapon Boutique.
 27814 | D:14     | Found a runed translucent door.
 28044 | D:14     | Identified the +7 war axe of Havoc {spect, rElec Int+3}
 28440 | D:14     | Found a gate to the Vaults.
 28996 | D:15     | Entered Level 15 of the Dungeon
 29011 | D:15     | Received a gift from Trog
 29064 | D:15     | Noticed Josephine
 29066 | D:15     | Killed Josephine
 29110 | D:15     | Reached XP level 16. HP: 147/155 MP: 15/15
 29129 | D:15     | Noticed Nessos
 29145 | D:15     | Killed Nessos
 30277 | D:15     | Received a gift from Trog
 30400 | D:15     | Found a staircase to the Depths.
 30615 | Elf:1    | Entered Level 1 of the Elven Halls
 30660 | Elf:1    | Noticed Louise
 30687 | Elf:1    | Killed from afar by a deep elf zephyrmancer

Illustrated notes

Levels and vault maps discovered:
D:1:      grunt_arrival_crossed_arrows, layout_loops_cross,
          kennysheep_pointless_box, hangedman_abyss_or_decor_stabs,
          serial_park_tiny_2, chequers_jeans, minmay_misc_feat_alley
D:2:      layout_basic, chequers_serial_rivers_small_b, serial_park_tiny_1,
          minmay_snake_closets
D:3:      minmay_chambers_of_threes, layout_loops_ring,
          nicolae_vehumet_radiance, basic_ecumenical_altar, uniq_sigmund
D:4:      layout_basic, gammafunk_ghost_abyssal_escape,
          minmay_increasing_density, uniq_eustachio
D:5:      layout_cave_pools, nicolae_overflow_hallway_of_the_gods,
          minmay_temple_entry_slanted, minivault_19
D:6:      layout_loops_ring
D:7:      nzn_winding_woodlands_stair_cross [nzn_winding_woodlands_5x15_parted,
          nzn_winding_woodlands_center_pierced_h,
          nzn_winding_woodlands_5x15_zeroes, nzn_winding_woodlands_hourglass,
          nzn_winding_woodlands_5x5_cross, nzn_winding_woodlands_5x15_twine,
          nzn_winding_woodlands_center_garden,
          nzn_winding_woodlands_5x15_lazy_stream], layout_loops_corners,
          nicolae_dithmenos_the_darkroom, uniq_pikel
D:8:      layout_gridville, hangedman_feature_mirror,
          minmay_guarded_unrand_finisher
D:9:      layout_basic, minivault_16, nicolae_stop_n_shop_2, glass_columns_a,
          minivault_22
D:10:     layout_cave_pods, minmay_lair_entry_grove, serial_rivers,
          chequers_serial_rivers_micro_b, chequers_serial_rivers_micro_c,
          chequers_serial_rivers_micro_a, chequers_serial_rivers_micro_b,
          nicolae_twisting_strands
D:11:     layout_roguey, chequers_serial_rivers_room_b,
          minmay_fractal_squares_gapless_7, uniq_amaemon, uniq_erica, uniq_sonja
D:12:     layout_basic, david_orc_2, serial_shops, shop
D:13:     layout_irregular_city, minivault_25_ag, grunt_decor_fettered
D:14:     layout_loops_cross, grunt_vaults_entry_tiered,
          minmay_misc_feat_square, lightli_airlock
D:15:     grunt_enter_depths_magical_seal, layout_loops_ring,
          minmay_misc_feat_enclosed, uniq_nessos, uniq_josephine
Temple:   bh_familiar_temple
Lair:1:   gammafunk_cloud_chamber, layout_hall_layers, tgw_fedhas, uniq_joseph
Lair:2:   layout_chaotic_city, nicolae_spider_entry_non_spiders,
          ebering_ghost_xom, grunt_megastairs_2, uniq_nergalle, uniq_gastronok
Lair:3:   layout_layer_cave, elwin_shoals_entry_rooms,
          portal_ice_cave_entry_animals_and_master, uniq_urug
Lair:4:   layout_regular_city, slime_entry_1, grunt_megastairs_3
Lair:5:   due_jungle_book, layout_small_grid, serial_bayou_pond_a,
          infiniplex_staircase_pool_2, serial_bayou_shore_a
Orc:1:    layout_caves, led_sif_book
Orc:2:    grunt_orc_gardens, layout_diamond_mine, grunt_orc_garden,
          grunt_orc_garden, grunt_orc_garden, grunt_orc_garden,
          lemuel_statue_altar
Elf:1:    minmay_elf_arrival_summoners, layout_loops_cross, serial_shops, shop,
          minmay_elf_annihilation, uniq_louise

Skill      XL: |  1  2  3  4  5  6  7  8  9 10 11 12 13 14 15 16 |
---------------+-------------------------------------------------+-----
Armour         | 4 5 6 7 9 10 12 13 14 15 17 18 | 18.2
Fighting       | 4 5 6 7 9 10 12 13 14 15 17 18 | 18.2
Shields        | 4 5 6 7 9 10 12 13 14 15 17 18 | 18.2
Axes           | 3 4 6 7 9 10 11 13 14 | 14.2
Polearms       | 6 10 12 | 12.0

Action                     |  1- 3 |  4- 6 |  7- 9 | 10-12 | 13-15 | 16-18 || total
---------------------------+-------+-------+-------+-------+-------+-------++-------
  Melee: War axe           |    63 |   135 |   234 |   291 |   655 |       ||  1378
         Headbutt          |     8 |    15 |    40 |   121 |   236 |    37 ||   457
         Trident           |       |       |       |   234 |   152 |       ||   386
         Broad axe         |       |       |       |       |   197 |   164 ||   361
   Fire: Sling             |       |       |       |       |    12 |       ||    12
  Throw: Boomerang         |       |       |     2 |    31 |    23 |     2 ||    58
         Throwing net      |       |       |     1 |       |       |       ||     1
 Invoke: Berserk           |       |       |       |     8 |     4 |       ||    12
         Trog's Hand       |       |       |       |     3 |     1 |     1 ||     5
         Brothers in Arms  |       |       |       |     1 |     5 |       ||     6
  Evoke: Wand              |       |       |       |     4 |     2 |       ||     6
    Use: Scroll            |       |     1 |    12 |    15 |    13 |     1 ||    42
         Potion            |       |       |       |     2 |     3 |     4 ||     9
   Stab: Distracted        |       |       |       |       |     2 |       ||     2
         Sleeping          |       |       |       |       |     1 |       ||     1
 Armour: Scale mail        |    47 |   113 |    84 |   165 |    19 |       ||   428
         Ring mail         |       |       |       |       |   261 |    45 ||   306
         Skin              |       |       |       |       |       |    18 ||    18
  Dodge: Dodged            |    38 |    79 |    77 |   155 |   212 |    38 ||   599
         Repelled          |       |       |       |       |       |     2 ||     2
  Block: Buckler           |    14 |    45 |    63 |   147 |    82 |       ||   351
         Tower shield      |       |       |       |       |   537 |   153 ||   690
